 Dungeon Crawl Stone Soup version 0.30.1-11-g7821555f0a (webtiles) character file.

Game seed: 10804512944227917503

226 lonewolfV2 the Shield-Bearer (level 5, 0/50 HPs)
             Began as a Minotaur Fighter on Nov 15, 2023.
             Succumbed to an adder's poison
             ... on level 4 of the Dungeon.
             The game lasted 00:03:34 (2420 turns).

lonewolfV2 the Shield-Bearer (Minotaur Fighter)     Turns: 2420, Time: 00:03:34

Health: 0/50       AC:  1    Str: 20    XL:     5   Next: 69%
Magic:  4/4        EV:  5    Int:  5    God:
Gold:   91         SH:  5    Dex: 12    Spells: 4/4 levels left

rFire   + . .        a - +1 war axe
rCold   + . .        c - +0 buckler
rNeg    . . .        o - +1 plate armour
rPois   +            (helmet restricted)
rElec   +            g - +0 cloak
rCorr   +            (no gloves)
SInv    .            (no boots)
Will    .....        l - amulet of faith Stlth
                     (no ring)
HPRegen 0.28/turn    (no ring)
MPRegen 0.09/turn

%: faith
@: lethally poisoned (0 -> -5), resistant, corroded
A: horns 2, retaliatory headbutt
a: no special abilities


You were on level 4 of the Dungeon.
You visited 1 branch of the dungeon, and saw 4 of its levels.

You collected 91 gold pieces.

Inventory:

Hand Weapons
 a - a +1 war axe (weapon)
Armour
 c - a +0 buckler (worn)
 g - a +0 cloak (worn)
 o - a +1 plate armour (worn)
Jewellery
 l - an amulet of faith (around neck)
Scrolls
 i - a scroll of teleportation
Potions
 d - 2 potions of might
 e - 4 potions of haste
 h - a potion of brilliance {unknown}
 j - a potion of degeneration
 k - a potion of resistance
 m - a potion of magic
 n - a potion of mutation {unknown}
 q - 2 potions of attraction


   Skills:
 + Level 6.0 Fighting
 - Level 2.4 Axes
 - Level 3.6 Armour
 + Level 6.1 Shields


You had 4 spell levels left.
You didn't know any spells.
Your spell library contained the following spells:

 Spells                   Type           Power      Damage    Failure   Level
 Apportation              Tloc           0%         N/A       100%        1
 Necrotise                Necr           0%         1d4       100%        1
 Summon Small Mammal      Summ           0%         N/A       100%        1
 Cigotuvi's Dreadful Rot  Necr/Pois/Air  0%         N/A       100%        2
 Poisonous Vapours        Pois/Air       0%         N/A       100%        2
 Static Discharge         Conj/Air       0%         2-2/arc   100%        2
 Mephitic Cloud           Conj/Pois/Air  0%         N/A       100%        3
 Portal Projectile        Hex/Tloc       0%         N/A       100%        3
 Tukima's Dance           Hex            0%         N/A       100%        3
 Airstrike                Air            0%         2d(0-16)  100%        4
 Anguish                  Hex/Necr       0%         N/A       100%        4
 Cause Fear               Hex            0%         N/A       100%        4
 Fulminant Prism          Conj/Hex       0%         3d5       100%        4
 Olgreb's Toxic Radiance  Pois           0%         N/A       100%        4
 Blade Hands              Tmut           0%         N/A       100%        5
 Enfeeble                 Hex            0%         N/A       100%        7
 Discord                  Hex            0%         N/A       100%        8
 Ignition                 Fire           0%         3d3       100%        8


Dungeon Overview and Level Annotations

Branches:
Dungeon (4/15)
 Temple: D:4-7

Altars:
Trog

Annotations:
D:3 2 transporters


Innate Abilities, Weirdness & Mutations

You have a pair of horns on your head.
You reflexively headbutt those who attack you in melee.


Message History

You hit the jelly but do no damage.
Your hands burn!
The jelly is almost dead.
You barely miss the adder.
You feel sick. The jelly barely misses you. The adder barely misses you.
You hit the jelly.
You kill the jelly!
You closely miss the adder.
You feel sick. The adder barely misses you. The adder bites you.
* * * LOW HITPOINT WARNING * * *
Your Fighting skill increases to level 6!
Your Shields skill increases to level 6!
You feel better. The adder bites you.
You closely miss the adder.
The adder is heavily wounded.
The adder bites you. x2
You are poisoned.
The adder poisons you!
You hit the adder.
The adder is almost dead.
You feel very sick. The adder bites you but does no damage.
The adder bites you.
* * * LOW HITPOINT WARNING * * *
You are more poisoned.
The adder poisons you!
You miss the adder. Your headbutt misses the adder.
The adder is almost dead.
You feel very sick. The adder barely misses you. You furiously retaliate!
You headbutt the adder, but do no damage.
The adder bites you.
* * * LOW HITPOINT WARNING * * *
You miss the adder. Your headbutt misses the adder.
The adder is almost dead.
* * * LOW HITPOINT WARNING * * *
You feel sick. The adder bites you.
* * * LOW HITPOINT WARNING * * *
The adder bites you.
* * * LOW HITPOINT WARNING * * *
You feel protected.
You die...

..........
........
.......
..... ....
##.. # #S.#
#. #.@# ##.#
##..# ##...#
#..##
#.....###..#
#.<.#.##
###...##
##...#
#.#..#
#.##.#


You could see an adder.

Vanquished Creatures
  A scorpion (D:2)
  2 jellies
  An orc wizard (D:3)
  2 adders (D:3)
  4 dart slugs
  8 orcs (D:3)
  2 ball pythons
  3 endoplasms
  A giant cockroach (D:1)
  5 hobgoblins
  A quokka (D:2)
  6 bats
  6 frilled lizards
  3 goblins
  3 kobolds
  6 rats
54 creatures vanquished.

Notes
Turn   | Place    | Note
-------+----------+-------------------------------------------
     0 | D:1      | lonewolfV2 the Minotaur Fighter began the quest for the
                  | Orb.
     0 | D:1      | Reached XP level 1. HP: 19/19 MP: 0/0
   186 | D:1      | Reached XP level 2. HP: 27/27 MP: 1/1
   202 | D:1      | Got Kaic's Disquisition on Infection
   804 | D:2      | Noticed a scorpion
   809 | D:2      | Killed a scorpion
   810 | D:2      | Reached skill level 5 in Fighting
   810 | D:2      | Reached skill level 5 in Shields
   810 | D:2      | Reached XP level 3. HP: 18/36 MP: 2/2
   810 | D:2      | Reached XP level 4. HP: 21/42 MP: 3/3
  1151 | D:2      | Got the Textbook on the Ensnaring Nimbus
  1722 | D:3      | Found a transporter.
  1727 | D:3      | Noticed a kobold demonologist
  1745 | D:3      | Reached XP level 5. HP: 17/48 MP: 4/4
  2009 | D:3      | Found a transporter.
  2162 | D:3      | Found a bloodstained altar of Trog.
  2419 | D:4      | HP: 2/50 [adder (3)]
  2420 | D:4      | Succumbed to an adder's poison

Illustrated notes

Levels and vault maps discovered:
D:1:      scummos_arrival_gate, layout_loops_ring
D:2:      layout_rooms
D:3:      gammafunk_wand_slinger, layout_loops_cross,
          mainiacjoe_overflow_alcove_2, chequers_serial_rivers_room_b
D:4:      layout_layer_cave, nicolae_sif_muna_condensation,
          nicolae_ossuary_entry_monument, serial_park_tiny_1, uniq_ijyb

Skill      XL: |  1  2  3  4  5 |
---------------+----------------+-----
Fighting       | 4 5 6 |  6.0
Shields        | 4 5 6 |  6.1
Axes           | |  2.4
Armour         | |  3.6

Action                     |  1- 3 |  4- 6 || total
---------------------------+-------+-------++-------
  Melee: War axe           |    32 |    79 ||   111
         Headbutt          |     4 |    10 ||    14
    Use: Scroll            |     4 |     9 ||    13
         Potion            |       |     2 ||     2
 Armour: Scale mail        |    21 |    20 ||    41
         Plate armour      |       |    52 ||    52
  Dodge: Dodged            |    19 |    41 ||    60
  Block: Buckler           |     4 |    20 ||    24
